Map: Acropolis LE

Players

Truepassion

  • Race: Protoss Protoss
  • League: Diamond
  • Spawn Location: 5:00

Mez - Winner!

  • Race: Terran Terran
  • League: Master
  • Spawn Location: 11:00

VOD

Have the link to the VOD?

Description

Time

  • Played on: Aug. 19, 2019, 12:51 p.m.
  • Length: 5:57
Show
View Real Time Build Order
Export as new Build Order

Truepassion Protoss 

Build Orders:  

Get SALT Encoding   

  1  0:00  Probe  
  12  0:06  Probe  
  14  0:18  Probe  
  15  0:22  Pylon  
  15  0:40  Probe  
  15  0:41  Forge  
  16  0:52  Probe  
  16  0:54  Pylon  
  17  1:14  Photon Cannon  
  17  1:16  Photon Cannon  
  17  1:21  Gateway  
  17  1:31  Probe  
  18  1:37  Gateway  
  18  1:38  Assimilator  
  18  2:01  Pylon  
  17  2:11  Nexus  
  17  2:18  Pylon  
  17  2:20  Assimilator, Probe  
  18  2:32  Pylon  
  19  2:38  Cybernetics Core  
  19  2:41  Probe  
  19  2:51  Probe  
  20  2:59  Probe  
  21  3:07  Probe  
  21  3:08  Photon Cannon  
  22  3:14  Twilight Council  
  22  3:19  Probe x2  
  24  3:27  Probe  
  24  3:32  Probe  
  24  3:33  Warp Gate  
  26  3:37  Probe, Gateway  
  27  3:48  Probe  
  28  3:50  Probe  
  29  3:57  Charge  
  29  4:00  Probe  
  31  4:02  Probe  
  31  4:17  Nexus  
  31  4:22  Probe  
  32  4:24  Probe  
  33  4:32  Gateway  
  33  4:34  Probe  
  33  4:38  Probe  
  35  4:41  Zealot  
  37  4:47  Stalker  
  37  4:50  Probe  
  37  4:51  Shield Battery  
  40  4:55  Probe  
  40  4:56  Pylon  
  41  5:02  Probe  
  42  5:14  Probe  
  42  5:19  Pylon  
  45  5:26  Probe  
  45  5:28  Zealot  
  46  5:37  Pylon  
  46  5:38  Pylon  
  43  5:45  Pylon  
Show
View Real Time Build Order
Export as new Build Order

Mez Terran - Winner!

Build Orders:  

Get SALT Encoding   

  12  0:01  SCV  
  13  0:14  SCV  
  14  0:18  Supply Depot  
  14  0:26  SCV  
  15  0:39  SCV  
  15  0:40  Barracks  
  16  0:45  Refinery  
  16  0:52  SCV  
  17  1:04  SCV  
  18  1:16  SCV  
  19  1:21  Supply Depot  
  19  1:31  Bunker  
  19  1:32  Marine  
  20  1:33  Orbital Command  
  20  1:40  Refinery  
  19  1:50  Marine  
  19  2:08  Marine  
  19  2:11  SCV  
  21  2:18  Factory  
  21  2:29  Marine  
  21  2:30  SCV  
  22  2:43  SCV  
  23  3:01  Barracks Reactor, Supply Depot  
  23  3:04  Factory Tech Lab  
  23  3:15  Starport  
  23  3:23  SCV  
  23  3:24  Siege Tank  
  27  3:30  Supply Depot  
  27  3:35  SCV  
  27  3:38  Marine x2  
  30  3:47  SCV  
  31  3:52  Supply Depot  
  31  3:53  Viking  
  33  3:57  Siege Tank  
  33  4:01  Marine  
  37  4:02  Marine  
  37  4:07  SCV  
  39  4:14  Supply Depot  
  39  4:22  Marine x2  
  41  4:25  Bunker  
  41  4:29  Viking  
  43  4:38  Siege Tank  
  46  4:58  Bunker  
  46  4:59  Marine x2  
  48  5:00  SCV  
  49  5:13  Siege Tank  
  52  5:16  Marine  
  52  5:18  SCV  
  54  5:30  SCV  
  54  5:33  Supply Depot  
Tags
 
Add a new tag
Caveats
  • Supply blocks, unpowered buildings, or Contaminate may cause inaccurate times.
  • Supply counts are checked every 10 seconds.